 BcadrenCrawl: Boulder Brew version 0.06-688-g08e91b2d95 (webtiles) character file.

Game seed: 4428016433241312760

489 Leeroy the Merged (level 6, -8/79 HPs) Immature Draconian Priest. Began on Feb 1, 2023. Was a Priest of Bahamut & Tiamat. Mangled by a porcupine skeleton (10 damage) ... on level 3 of the Dungeon. The game lasted 00:15:08 (3278 turns).

Leeroy the Merged (Immature Draconian Priest)       Turns: 3278, Time: 00:15:08

Health: -8/79      AC:  7    Str: 18    XL:     6 ^: 34
Magic:  11/11      EV: 12    Int: 10    God:    Bahamut & Tiamat [3* [84]]
Gold:   53         SH:  0    Dex: 16    Spells: 5/5 levels left

rFire    . . .     Slash    +   d - +3 short sword
rCold    . . .     Pierce   x     - Unarmed
rNeg     . . .     Bludgeon .   (armour unavailable)
rCorr    + . .     Vision   .   (helmet restricted)
rPois    .         Gourm    +   (no cloak)
rElec    .         Faith    .   (no gloves)
MR       +....     Spirit   .   (no boots)
HPRegen  0.36/turn Reflect  .   g - amulet of the gourmand
MPRegen  0.21/turn Harm     .   i - ring of resist corrosion
Stlth    ++........             e - ring of protection from magic

@: mighty
A: deformed body 2, cold-blooded, draconic flesh, AC +7
a: Breathe Dart, Adaptive Breath, Renounce Religion


You were on level 3 of the Dungeon.
You worshipped Bahamut & Tiamat.
Bahamut & Tiamat was most pleased with you.
You were not hungry.

You visited 1 branch of the dungeon, and saw 3 of its levels.
You also visited: Temple.

You collected 53 gold pieces.

Inventory:

Weapons
 d - a +3 short sword (weapon)
 j - a cursed +0 halberd of protection {(Curse: MR-)} Shields
 c - a +2 heater shield of cold resistance
 k - a +1 targe of crushing
Jewellery
 e - a ring of protection from magic (right hand)
 f - an uncursed ring of fire
 g - an amulet of the gourmand (around neck)
 i - a ring of resist corrosion (left hand)
Scrolls
 b - a scroll of enchantment
 h - a scroll of magic mapping
Comestibles
 a - 4 rations


   Skills:
 - Level 5.0 Fighting
 - Level 1.5 Dodging
 - Level 1.4 Stealth
 - Level 2.6 Unarmed Combat
 + Level 7.5 Invocations


You had 5 spell levels left.
You didn't know any spells.
Your spell library was empty.

Dungeon Overview and Level Annotations

Branches:
Dungeon (3/8)

Altars:
Bahamut & Tiamat


Innate Abilities, Weirdness & Mutations

Your plain brown scales are resilient. (AC +7)
You can breathe rudimentary magical darts.
You cannot wear any armour on your peculiar form.
You are cold-blooded and are slowed more easily by cold attacks.
Your scales resist being cut, but it's oddly easy to stick a small blade between them. (rSlashing+, rPiercing-)


Message History

Unknown command.
Unknown command.
Unknown command.
Unknown command.
The helpless porcupine skeleton fails to defend itself.
You puncture the porcupine skeleton (15)!
It resists.
You hit the porcupine skeleton (5).
It is struck brutally!
The porcupine skeleton is severely damaged. (8/28) HP You have got your breath back.
The sewer rat bites you (3).
You are perforated ruthlessly!
* * * LOW HITPOINT WARNING * * *
The porcupine skeleton bites you (13)!
You are perforated ruthlessly!
* * * LOW HITPOINT WARNING * * *
The sewer rat barely misses you. The sewer rat closely misses you.
Okay, then.
You feel very mighty all of a sudden.
You drop the empty bottle.
The sewer rat bites you but does no damage.
The porcupine skeleton bites you (10)!
You are perforated ruthlessly!
You die...

#.......
#.......
#......##
#...r...
#......#
#......#
#....rr##
#...Z@r.#
#######.#
+


You could see 3 sewer rats, a quokka (asleep) and a porcupine skeleton.

Vanquished Creatures
  A big kobold (D:1)
  4 jellies
  2 giant cockroaches
  An adder (D:1)
  A gnoll (D:1)
  14 sewer rats
  4 cinder newts
  A worm (D:2)
  4 oozes (D:2)
  2 dart slugs (D:1)
  2 leopard geckos (D:2)
  2 adder skeletons (D:2)
  5 ball pythons (D:2)
  A cinder newt skeleton (D:2)
  3 goblins (D:1)
  4 hobgoblins (D:1)
  13 kobolds
  3 bats
  A goblin skeleton (D:2)
  3 rats (D:1)
  A rat skeleton (D:2)
72 creatures vanquished.

Vanquished Creatures (others)
  2 leopard geckos (D:2)
  A giant blowfly (D:2)
  4 slimeheads (D:2)
  77 withered plants (D:2)
84 creatures vanquished.

Grand Total: 156 creatures vanquished

Notes
Turn   | Place    | Note
-------+----------+-------------------------------------------
     0 | Start Te | Leeroy the Immature Draconian Priest began the quest for
                  | the Orb.
     0 | Start Te | Reached XP level 1. HP: 29/29 MP: 3/3
     0 | Start Te | Found a sparkling altar of Nemelex Xobeh.
     1 | Start Te | Found a basalt altar of Yredelemnul.
     1 | Start Te | Found a white marble altar of Elyvilon.
     2 | Start Te | Found an iron altar of Okawaru.
     3 | Start Te | Found a glowing silver altar of Zin.
     3 | Start Te | Found a blossoming altar of Fedhas.
     4 | Start Te | Found a stormy altar of Qazlal.
     5 | Start Te | Found a glowing golden altar of the Shining One.
     5 | Start Te | Found an opulent altar of Gozag.
     6 | Start Te | Found a sacrificial altar of Ru.
     7 | Start Te | Found an ornate altar of Bahamut and Tiamat.
     7 | Start Te | Found a hazy altar of Hepliaklqana.
    15 | Start Te | Became a worshipper of Bahamut & Tiamat
    15 | Start Te | Reached * piety under Bahamut & Tiamat
    15 | Start Te | Reached ** piety under Bahamut & Tiamat
    44 | D:1      | Reached XP level 2. HP: 33/39 MP: 5/5
   250 | D:1      | Reached XP level 3. HP: 25/49 MP: 6/6
   927 | D:2      | Found an ornate altar of Bahamut and Tiamat.
   968 | D:1      | Reached XP level 4. HP: 7/59 MP: 7/7
  1192 | D:1      | Reached skill level 5 in Fighting
  1415 | D:2      | Noticed a big kobold
  1820 | D:1      | Reached XP level 5. HP: 35/69 MP: 8/8
  1844 | D:1      | Reached skill level 5 in Invocations
  2440 | D:2      | Reached *** piety under Bahamut & Tiamat
  2440 | D:2      | Reached skill level 6 in Invocations
  2494 | D:1      | Reached XP level 6. HP: 22/79 MP: 10/10
  3150 | D:2      | Reached skill level 7 in Invocations
  3277 | D:3      | HP: 2/79 [porcupine skeleton (13)]
  3278 | D:3      | Mangled by a porcupine skeleton

Illustrated notes

Levels and vault maps discovered:
D:1:      evilmike_arrival_crescent, layout_rooms
D:2:      layout_sewer, elyvilon_niche, lemuel_altar_in_water
D:3:      layout_rooms, zin_angel, first_ration, uniq_pikel

Skill      XL: |  1  2  3  4  5  6 |
---------------+-------------------+-----
Fighting       | 2 3 4 5 |  5.0
Invocations    | 6 7 |  7.5
Dodging        | |  1.5
Stealth        | |  1.4
Unarmed Combat | |  2.6

Action                   |  1- 3 |  4- 6 || total
-------------------------+-------+-------++-------
Melee: Unarmed           |    62 |   215 ||   277
       Short sword       |    53 |   279 ||   332
       Peck              |     7 |    52 ||    59
Invok: Choose Tiamat's A |     1 |       ||     1
       Adaptive Breath   |       |     4 ||     4
       Choose Bahamut's  |       |     1 ||     1
 Abil: Breathe Dart      |       |     4 ||     4
  Use: Potion            |     1 |     1 ||     2
 Stab: Sleeping          |       |     2 ||     2
       Confused          |       |     2 ||     2
       Distracted        |       |     1 ||     1
  Eat: Chunk             |       |    15 ||    15
Armor: Skin              |    18 |   108 ||   126
Dodge: Dodged            |    26 |    95 ||   121
Block: Heater shield     |       |    30 ||    30
